 Dungeon Crawl Stone Soup version 0.32-a0-12-g7fc57aa741 (webtiles) character file.

Game seed: 14313376157721140614

56 Verendum the Ruffian (level 3, -1/24 HPs)
             Began as an Octopode Shapeshifter on Jan 14, 2024.
             Slain by an orc wizard
             ... wielding a +0 dagger of freezing
              (2 damage)
             ... on level 2 of the Dungeon.
             The game lasted 00:01:21 (1798 turns).

Verendum the Ruffian (Octopode Shapeshifter)        Turns: 1798, Time: 00:01:22

Health: -1/24      AC:  1    Str: 15    XL:     3   Next: 97%
Magic:  3/3        EV: 13    Int: 12    God:
Gold:   132        SH:  0    Dex: 11    Spells: 2/2 levels left

rFire   . .          .
                       - Unarmed
rCold   . . .        (no shield)
rNeg    . . .        (helmet currently unavailable)
rPois   .            (no amulet)
rElec   .            (no ring)
rCorr   .            (no ring)
SInv    .            (no ring)
Will    .....        (no ring)
Stlth   ++           (no ring)
HPRegen 0.24/turn    (no ring)
MPRegen 0.08/turn    (no ring)
                     (no ring)

%: no passive effects
@: confused, beast-form
A: beast (slay +1), almost no armour, amphibious, 8 rings, camouflage 1,
gelatinous body 1, (nimble swimmer 1), tentacles
a: Begin Untransformation


You were on level 2 of the Dungeon.
You were a hulking beast.
You visited 1 branch of the dungeon, and saw 3 of its levels.

You collected 132 gold pieces.

Inventory:

Missiles
 g - a throwing net (quivered)
Jewellery
 k - a +6 ring of dexterity
Talismans
 b - a beast talisman
 c - a flux talisman
 f - a flux talisman
Scrolls
 d - a scroll of blinking {unknown}
 e - a scroll of enchant armour {unknown}
 i - 2 scrolls of vulnerability {unknown}
 j - 2 scrolls of immolation {unknown}
Potions
 a - a potion of lignification
 h - a potion of brilliance {unknown}


   Skills:
 + Level 1.7 Fighting
 + Level 2.5 Dodging
 * Level 3.8 Unarmed Combat
 + Level 3.3 Shapeshifting


You had 2 spell levels left.
You didn't know any spells.
Your spell library was empty.

Dungeon Overview and Level Annotations

Branches:
Dungeon (3/15)

Altars:

Shops:
D:1 (


Innate Abilities, Weirdness & Mutations

You are a hulking beast.
Your limbs bulge with bestial killing power. (Slay +1)
You cannot wear most types of armour.
You are amphibious.
You can wear up to eight rings at the same time.
Your skin changes colour to match your surroundings (Stealth+).
Your rubbery body absorbs attacks. (AC +1, EV +1)
((You are camouflaged when in or above water. (Stealth+)))
You have tentacles for arms and can constrict up to eight enemies at once.


Message History

There is a stone staircase leading up here.
An orc wizard is nearby!
You climb upwards.
There is a stone staircase leading down here.
You start resting.
You feel less confused.
You start resting.
HP restored.
You climb downwards.
There is a stone staircase leading up here.
The orc wizard hits you with a +0 dagger of freezing.
The orc wizard freezes you.
You closely miss the orc wizard. Your grab misses the orc wizard.
The orc wizard hits you with a +0 dagger of freezing.
The orc wizard freezes you.
There is a stone staircase leading up here.
The orc wizard hits you with a +0 dagger of freezing.
The orc wizard freezes you.
You climb upwards.
There is a stone staircase leading down here.
An orc wizard is nearby!
You closely miss the orc wizard. You grab the orc wizard.
You constrict the orc wizard.
The orc wizard hits you with a +0 dagger of freezing.
* * * LOW HITPOINT WARNING * * *
The orc wizard freezes you.
* * * LOW HITPOINT WARNING * * *
You tentacle-slap the orc wizard.
The orc wizard is moderately wounded.
You constrict the orc wizard.
The orc wizard points at you and mumbles some strange words.
You are confused.
You tentacle-slap the orc wizard.
Your tentacle-slap misses the orc wizard.
The orc wizard is severely wounded.
You constrict the orc wizard.
The orc wizard hits you with a +0 dagger of freezing.
* * * LOW HITPOINT WARNING * * *
The orc wizard freezes you.
You die...

.........##.......##.###.#
....†....##........#.# #.#
...†......##....)....# #.#
..........##........## #.#
..........#######...# #.#
...)........#####..## #.#
#.÷......##....##..# #.#
.......#######..o..# #.#
######.# ###h#.# #.#
.)...#.# #.#.#####.#
####.#.# #.#.......#
####.#.# #.#######.#
.....#.# #.# ### ######.#
#.# ...# #.# #.# ...# #.#
#.# ...# #.# #.#


You could see an orc wizard.

Vanquished Creatures
  An adder (D:2)
  A dart slug (D:2)
  A ribbon worm (D:2)
  An orc (D:3)
  2 endoplasms
  3 giant cockroaches
  6 goblins
  2 hobgoblins (D:2)
  3 jackals (D:1)
  5 kobolds
  A quokka (D:2)
  3 ball pythons
  4 bats
  4 frilled lizards (D:1)
  3 rats
40 creatures vanquished.

Vanquished Creatures (others)
  An orc wizard (D:3)
1 creature vanquished.

Grand Total: 41 creatures vanquished

Notes
Turn   | Place    | Note
-------+----------+-------------------------------------------
     0 | D:1      | Verendum the Octopode Shapeshifter began the quest for the
                  | Orb.
     0 | D:1      | Reached XP level 1. HP: 13/13 MP: 1/1
   240 | D:1      | Reached XP level 2. HP: 7/18 MP: 2/2
   285 | D:1      | Found Xaur Tuf's Antique Weapon Boutique.
   523 | D:1      | Found a faded altar of an unknown god.
  1087 | D:2      | Reached XP level 3. HP: 23/23 MP: 3/3
  1798 | D:2      | HP: 1/24 [orc wizard/+0 dagger of freezing (4)]
  1798 | D:2      | Slain by an orc wizard

Illustrated notes

Levels and vault maps discovered:
D:1:      saegor_arrival_under_anarchy, layout_rooms, serial_shops,
          nicolae_shop_window_shopping, serial_forest,
          infiniplex_forest_lined_4_way, infiniplex_forest_straight_4,
          infiniplex_forest_clump_cross, infiniplex_forest_join,
          infiniplex_forest_lined_1, infiniplex_forest_corner_1,
          infiniplex_forest_end_double, infiniplex_forest_lined_ring,
          shapermc_ecumenical_altar_starsandcircs, dreamdust_wishing_well
D:2:      layout_basic
D:3:      layout_loops_ring, ebering_ghost_disaster_area, minmay_surrounded

Action                     || total
---------------------------++-------
  Melee: Unarmed           ||    68
         Constrict         ||    17
         Tentacles         ||    11
         Punch             ||     1
   Stab: Sleeping          ||     8
 Armour: Skin              ||    31
  Dodge: Dodged            ||    24

Table legend: (Time is in decaauts)
 A = Elapsed time spent in this place.
 B = Non-inter-level travel time spent in this place.
 C = Inter-level travel time spent in this place.
 D = Time resting spent in this place.
 E = Time spent auto-exploring this place.
 F = Levels seen in this place.
 G = Mean time per level.
                   A        B        C        D        E       F      G
               +--------+--------+--------+--------+--------+-----+--------+
         Total |   1795 |   1747 |     48 |    173 |   1310 |   3 |  598.3 |
       Dungeon |   1795 |   1747 |     48 |    173 |   1310 |   3 |  598.3 |
               +--------+--------+--------+--------+--------+-----+--------+

Top non-repeatable levels by time:
     D:1: 932 daAuts
     D:2: 827 daAuts
     D:3: 35 daAuts
